 Dungeon Crawl Stone Soup version 0.29.1-15-g9cfb28693d (webtiles) character file.

Game seed: 13487039096036515282

58 booth the Chopper (level 3, 0/28 HPs)
             Began as a Demonspawn Gladiator on Apr 25, 2023.
             Slain by a gnoll
             ... wielding a +0 whip
              (5 damage)
             ... on level 2 of the Dungeon.
             The game lasted 00:05:29 (1632 turns).

booth the Chopper (Demonspawn Gladiator)            Turns: 1632, Time: 00:05:29

Health: 0/28       AC:  4    Str: 16    XL:     3   Next: 75%
Magic:  3/3        EV: 12    Int:  9    God:
Gold:   86         SH:  5    Dex: 14    Spells: 2/2 levels left

rFire   . . .      SeeInvis .   a - +0 war axe
rCold   . . .      Faith    .   (no shield)
rNeg    . . .      Spirit   .   b - +0 leather armour
rPois   .          Reflect  +   c - +0 helmet
rElec   .          Harm     .   (no cloak)
rCorr   .          Rampage  .   (no gloves)
Will    .....                   (no boots)
Stlth   +.........              m - amulet of reflection
HPRegen 0.09/turn               (no ring)
MPRegen 0.08/turn               (no ring)

@: no status effects
A: claws 1
a: no special abilities


You were on level 2 of the Dungeon.
You visited 1 branch of the dungeon, and saw 2 of its levels.

You collected 86 gold pieces.

Inventory:

Hand Weapons
 a - a +0 war axe (weapon)
 g - a +0 flail
 j - a +0 mace
Missiles
 d - 3 throwing nets (quivered)
 e - a javelin
Armour
 b - a +0 leather armour (worn)
 c - a +0 helmet (worn)
 h - a +0 buckler
Jewellery
 m - an amulet of reflection (around neck)
Scrolls
 f - a scroll of identify {unknown}
 k - a scroll of butterflies {unknown}
Potions
 i - a potion of curing {unknown}
 l - a potion of mutation {unknown}


   Skills:
 + Level 2.5 Fighting
 * Level 3.3 Axes
 + Level 2.3 Throwing
 + Level 3.1 Dodging


You had 2 spell levels left.
You didn't know any spells.
Your spell library contained the following spells:

 Spells                   Type           Power      Damage    Failure   Level
 Olgreb's Toxic Radiance  Pois           0%         N/A       99%         4
 Ozocubu's Refrigeration  Ice            0%         4d7       100%        7
 Ignition                 Fire           0%         3d3       100%        8


Dungeon Overview and Level Annotations

Branches:
Dungeon (2/15)

Altars:


Innate Abilities, Weirdness & Mutations

You have sharp fingernails.


Message History

You barely miss the bat.
The bat is heavily wounded.
You block the bat's attack. The bat hits you but does no damage.
The bat barely misses you.
You miss the bat.
The bat is heavily wounded.
The bat hits you but does no damage. The bat barely misses you.
You hit the bat.
You kill the bat!
A bat comes into view.
A gnoll comes into view. It is wielding a +0 spear.
The gnoll shouts!
A gnoll comes into view. It is wielding a +0 spear.
The bat closely misses you.
A gnoll comes into view. It is wielding a +0 spear.
You barely miss the bat.
The gnoll shouts!
The bat closely misses you. You block the bat's attack.
A gnoll comes into view. It is wielding a +0 whip.
The gnoll shouts!
The bat closely misses you. The bat hits you but does no damage.
The bat barely misses you.
You hit the bat.
You kill the bat!
The gnoll barely misses you. The gnoll hits you with a +0 spear.
A dart slug comes into view.
The gnoll hits you with a +0 spear. The gnoll closely misses you.
You closely miss the gnoll. You hit the gnoll but do no damage.
You slash the gnoll! You hit the gnoll. The gnoll hits you with a +0 spear.
The gnoll barely misses you. The gnoll hits you with a +0 spear.
The gnoll closely misses you. The gnoll hits you but does no damage.
You block the gnoll's attack. The gnoll hits you with a +0 whip.
* * * LOW HITPOINT WARNING * * *
The gnoll barely misses you.
You closely miss the gnoll. You hit the gnoll. You slash the gnoll!
You kill the gnoll!
You barely miss the gnoll. The gnoll hits you with a +0 whip.
You die...

.... ## ## .... .g.w. ..g..## #
....... .# ########+ .......##.#
##.)...... #....# #.........
#####g#####.#.........
#...g@g.....#......... #####
#.###.).#####......... #...#
#.#.†.#.### #.######..
##...#######.#.#.....# #.# #...
..........##.#.#.##..###.#####...
.....####..†.# #..#...##[##..'...
....## ###### #..#.#.##.#..##...
....# #.. ##.#....#...###...
....# #.# #.###....#.# ####


You could see 3 gnolls and a dart slug.

Vanquished Creatures
  An adder (D:2)
  A gnoll (D:2)
  A worm (D:2)
  A dart slug (D:1)
  5 ball pythons
  6 endoplasms (D:1)
  A giant cockroach (D:1)
  4 goblins
  A hobgoblin (D:1)
  7 bats
  5 frilled lizards
  4 kobolds
  6 rats
43 creatures vanquished.

Notes
Turn   | Place    | Note
-------+----------+-------------------------------------------
     0 | D:1      | booth the Demonspawn Gladiator began the quest for the Orb.
     0 | D:1      | Reached XP level 1. HP: 16/16 MP: 1/1
   320 | D:1      | Gained mutation: You have sharp fingernails. [demonic
                  | ancestry]
   320 | D:1      | Reached XP level 2. HP: 16/22 MP: 2/2
   837 | D:1      | Reached XP level 3. HP: 26/28 MP: 3/3
  1632 | D:2      | Slain by a gnoll

Illustrated notes

Levels and vault maps discovered:
D:1:      erik_arrival_blinker_ship, layout_rooms
D:2:      layout_basic, uniq_terence

Skill      XL: |  1  2 |
---------------+-------+-----
Throwing       | 2 |  2.3
Axes           | 3 |  3.3
Dodging        | 3 |  3.1
Fighting       | |  2.5

Action                   || total
-------------------------++-------
Melee: War axe           ||   112
       Punch             ||     1
  Use: Scroll            ||     1
       Potion            ||     1
Armor: Leather armour    ||    43
Dodge: Dodged            ||   106
Block: Other             ||     6
